 Dungeon Crawl Stone Soup version 0.24-a0-506-g958ff8eaa0 (webtiles) character file.

Game seed: 15912486094587589383

19 Atelerd the Magician (level 2, -5/17 HPs)
             Began as an Octopode Wizard on July 18, 2019.
             Slain by a gnoll
             ... wielding a +0 whip
              (8 damage)
             ... on level 2 of the Dungeon.
             The game lasted 00:01:19 (1229 turns).

Atelerd the Magician (Octopode Wizard)              Turns: 1229, Time: 00:01:19

Health: -5/17      AC:  1    Str:  6    XL:     2   Next: 75%
Magic:  4/6        EV: 13    Int: 20    God:
Gold:   48         SH:  0    Dex: 10    Spells: 6/7 levels left

rFire    . . .     SeeInvis .   l - +0 short sword
rCold    . . .     Gourm    .   (no shield)
rNeg     . . .     Faith    .   a - +0 hat
rPois    .         Spirit   .   (no amulet)
rElec    .         Reflect  .   (no ring)
rCorr    .         Harm     .   (no ring)
MR       .....                  (no ring)
Stlth    +++.......             (no ring)
HPRegen  0.05/turn              (no ring)
MPRegen  0.10/turn              (no ring)
                                (no ring)
                                (no ring)

@: no status effects
A: almost no armour, stealthy swim, amphibious, 8 rings, constrict 8, camouflage
1, gelatinous body 1
a: no special abilities


You were on level 2 of the Dungeon.
You were hungry.

You visited 1 branch of the dungeon, and saw 2 of its levels.

You collected 48 gold pieces.

Inventory:

Hand Weapons
 l - a +0 short sword (weapon)
Armour
 a - a +0 hat (worn)
Jewellery
 k - an uncursed ring of protection from fire {unknown}
Scrolls
 b - a scroll of identify {unknown}
 d - a scroll of amnesia {unknown}
 f - a scroll of fear {unknown}
 g - 2 scrolls of teleportation {unknown}
 h - 2 scrolls of magic mapping {unknown}
 m - a scroll of remove curse {unknown}
Potions
 e - a potion of degeneration {unknown}
 i - a potion of mutation {unknown}
 j - a potion of cancellation {unknown}
Comestibles
 c - 5 rations


   Skills:
 - Level 2.0 Dodging
 - Level 2.6 Stealth
 + Level 3.2 Spellcasting
 * Level 2.2 Conjurations
   Level 1.0 Summonings
   Level 1.0 Translocations


You had 6 spell levels left.
You knew the following spells:

 Your Spells              Type           Power        Failure   Level  Hunger
a - Magic Dart            Conj           ##..         5%          1    None

Your spell library contained the following spells:

 Spells                   Type           Power        Failure   Level  Hunger
 Blink                    Tloc           N/A          14%         2    ##.....
 Call Imp                 Summ           #.......     14%         2    ##.....
 Slow                     Hex            #.......     22%         2    ##.....
 Conjure Flame            Conj/Fire      #.......     26%         3    ###....
 Mephitic Cloud           Conj/Pois/Air  #.......     30%         3    ###....


Dungeon Overview and Level Annotations

Branches:
Dungeon (2/15)

Altars:
Fedhas
Kikubaaqudgha
Uskayaw
Xom


Innate Abilities, Weirdness & Mutations

You cannot wear most types of armour.
You are very stealthy in the water. (Stealth+)
You are amphibious.
You can wear up to eight rings at the same time.
You can use your tentacles to constrict eight enemies at once.
Your skin changes colour to match your surroundings (Stealth+).
Your rubbery body absorbs attacks. (AC +1, EV +1)


Message History

The gnoll hits you with a +0 whip!
Ouch! That really hurt!
You are too injured to fight recklessly!
You are too injured to fight recklessly!
You hit the gnoll. Your grab misses the gnoll.
The gnoll is severely wounded.
The gnoll hits you with a +0 whip.
* * * LOW HITPOINT WARNING * * *
The gnoll closely misses you.
You see here a quarterstaff.
There is a stone staircase leading up here.
Casting: Magic Dart (safe; 5% risk of failure)
Confirm with . or Enter, or press ? or * to list all spells.
Aiming: Magic Dart (safe; 5% risk of failure)
Press: ? - help, Shift-Dir - straight line, f/p - gnoll
Aim: a gnoll, wielding a +0 whip (heavily wounded)
The magic dart hits the gnoll.
The gnoll is severely wounded.
The gnoll hits you with a +0 whip!
You die...

#.....#.......###
#
#...............#
#
#.....#.####....#
#.....#.........#
#####.#...#######
#.#.#.# #.#...#
#g##### #@# ###


You could see a gnoll.

Vanquished Creatures
  An adder (D:2)
  A goblin (D:2)
  A kobold (D:1)
  5 bats
  A frilled lizard (D:1)
  2 rats (D:2)
11 creatures vanquished.

Notes
Turn   | Place    | Note
-------+----------+-------------------------------------------
     0 | D:1      | Atelerd the Octopode Wizard began the quest for the Orb.
     0 | D:1      | Reached XP level 1. HP: 11/11 MP: 4/4
    74 | D:1      | Found a shimmering altar of Xom.
    76 | D:1      | Found a radiant altar of Vehumet.
    76 | D:1      | Found a blossoming altar of Fedhas.
    80 | D:1      | Found a hide-covered altar of Uskayaw.
    80 | D:1      | Found a shimmering altar of Xom.
    80 | D:1      | Found an ancient bone altar of Kikubaaqudgha.
   748 | D:2      | Reached XP level 2. HP: 17/17 MP: 0/6
  1229 | D:2      | Slain by a gnoll

Levels and vault maps discovered:
D:1:      ebering_trefoil_3fold, layout_basic, minmay_misc_feat_room,
          doesnt_xom_only_xom
D:2:      layout_basic, old_standard_altar, marbit_many_paths, minivault_19

Skill      XL: |  1  2 |
---------------+-------+-----
Conjurations   | 2 |  2.2
Dodging        | |  2.0
Stealth        | |  2.6
Spellcasting   | |  3.2
Summonings     | |  1.0
Translocations | |  1.0

Action                   || total
-------------------------++-------
Melee: Unarmed           ||     5
       Constrict         ||     1
       Short sword       ||     2
 Cast: Magic Dart        ||    25
Dodge: Dodged            ||     8

Table legend:
 A = Non-vault XP
 B = Vault XP
 C = Vault XP percentage of total XP
 D = Non-vault monster count
 E = Vault monster count
 F = Vault count percentage of total count
                 A         B        C        D         E       F
            +---------+---------+-------+---------+---------+-------
      Total |      28 |       0 |   0.0 |      11 |       0 |   0.0
            +---------+---------+-------+---------+---------+-------
        D:1 |       8 |       0 |   0.0 |       5 |       0 |   0.0
        D:2 |      20 |       0 |   0.0 |       6 |       0 |   0.0
            +---------+---------+-------+---------+---------+-------
